[ PARTIDA AOE2 · #494041000 ]
UnrankedBorgoñones vs Teutons
Equipo del jugador · DERR
Equipo rival · VICT
[ ANÁLISIS DE REPETICIÓN · EXTRAÍDO DE LA PARTIDA GRABADA ]
Feudal
10:57
Castillos
30:34
Imperial
—
| APM promedio | 23.1 |
| APM pico | 42 |
| eAPM promedio | 14.7 |
| Aldeanos / militares | 76 / 0 |
Foco
⚔️ 21.7% · 🌾 78.3%
Feudal
8:38
Castillos
24:18
Imperial
30:08
| APM promedio | 25.6 |
| APM pico | 63 |
| eAPM promedio | 14.8 |
| Aldeanos / militares | 52 / 9 |
Foco
⚔️ 29.4% · 🌾 70.6%
Petard ×8 · Trebuchet (Packed) ×1
Mapa de la partida
Recursos iniciales + cada clic de construcción. Líneas = muros · curvas = relieve. ◆ oro · ⬟ piedra · ● bayas · ✦ reliquia · ◌ hueco del cierre
Tu base· ✓ Cerrada en 30:34 · 11t muro · 2 puerta(s)
Base de HESTIA· ✓ Cerrada en 24:18 · 9t muro · 2 puerta(s)
Terreno inicial suavizado · ◌ = hueco del cierre detectado · pasá el cursor para detalles
Inputs por minuto
— 74_phihung - - HESTIA
Build order — 74_phihung
145 acciones detectadas en el replay
| 0:01 | Crear | Villager (Male) |
| 0:01 | Crear | Villager (Male) |
| 0:02 | Crear | Villager (Male) |
| 0:02 | Crear | Villager (Male) |
| 0:04 | Construir | House |
| 0:06 | Construir | House |
| 1:39 | Crear | Villager (Male) |
| 1:40 | Crear | Villager (Male) |
| 1:49 | Construir | House |
| 1:51 | Construir | House |
| 2:07 | Crear | Villager (Male) |
| 2:07 | Crear | Villager (Male) |
| 2:07 | Crear | Villager (Male) |
| 2:30 | Crear | Villager (Male) |
| 2:30 | Crear | Villager (Male) |
| 2:52 | Crear | Villager (Male) |
| 2:52 | Crear | Villager (Male) |
| 2:52 | Crear | Villager (Male) |
| 2:56 | Construir | Lumber Camp |
| 3:00 | Crear | Villager (Male) |
| 3:00 | Crear | Villager (Male) |
| 3:30 | Crear | Villager (Male) |
| 3:54 | Crear | Villager (Male) |
| 3:55 | Crear | Villager (Male) |
| 3:55 | Crear | Villager (Male) |
| 4:47 | Crear | Villager (Male) |
| 4:47 | Crear | Villager (Male) |
| 4:57 | Crear | Villager (Male) |
| 4:57 | Crear | Villager (Male) |
| 4:57 | Crear | Villager (Male) |
| 4:58 | Crear | Villager (Male) |
| 5:33 | Crear | Villager (Male) |
| 5:33 | Crear | Villager (Male) |
| 5:33 | Crear | Villager (Male) |
| 5:43 | Crear | Villager (Male) |
| 5:44 | Crear | Villager (Male) |
| 5:44 | Crear | Villager (Male) |
| 6:17 | Construir | Mill |
| 6:44 | Crear | Villager (Male) |
| 6:45 | Crear | Villager (Male) |
| 7:18 | Construir | Mining Camp |
| 8:29 | Investigar | Feudal Age |
| 10:21 | Construir | House |
| 10:25 | Crear | Villager (Male) |
| 10:27 | Crear | Villager (Male) |
| 10:31 | Investigar | Loom |
| 10:57 | Edad | Edad Feudal |
| 11:09 | Construir | Watch Tower |
| 11:49 | Construir | Watch Tower |
| 12:04 | Construir | House |
| 12:29 | Construir | Watch Tower |
| 12:42 | Crear | Villager (Male) |
| 12:42 | Crear | Villager (Male) |
| 12:50 | Crear | Villager (Male) |
| 12:58 | Construir | Blacksmith |
| 12:58 | Crear | Villager (Male) |
| 12:59 | Crear | Villager (Male) |
| 13:15 | Construir | House |
| 13:19 | Construir | Palisade Wall |
| 13:20 | Construir | Palisade Wall |
| 13:21 | Construir | Palisade Wall |
| 13:22 | Construir | Palisade Wall |
| 13:23 | Construir | Palisade Wall |
| 14:06 | Construir | Watch Tower |
| 14:10 | Construir | House |
| 14:19 | Construir | House |
| 14:35 | Crear | Villager (Male) |
| 14:35 | Crear | Villager (Male) |
| 14:57 | Crear | Villager (Male) |
| 14:57 | Crear | Villager (Male) |
| 15:08 | Crear | Villager (Male) |
| 15:08 | Crear | Villager (Male) |
| 15:10 | Crear | Villager (Male) |
| 15:10 | Crear | Villager (Male) |
| 15:15 | Investigar | Fletching |
| 15:15 | Crear | Villager (Male) |
| 15:21 | Construir | Farm |
| 15:22 | Construir | Farm |
| 15:23 | Crear | Villager (Male) |
| 16:23 | Construir | Stone Wall |
| 16:46 | Crear | Villager (Male) |
| 16:46 | Crear | Villager (Male) |
| 16:48 | Construir | House |
| 17:20 | Construir | Watch Tower |
| 17:22 | Crear | Villager (Male) |
| 17:22 | Crear | Villager (Male) |
| 17:25 | Construir | House |
| 17:31 | Construir | Farm |
| 17:32 | Construir | Farm |
| 17:33 | Construir | Farm |
| 17:34 | Construir | Farm |
| 18:15 | Crear | Villager (Male) |
| 18:16 | Crear | Villager (Male) |
| 18:35 | Construir | Farm |
| 18:39 | Construir | Farm |
| 18:40 | Construir | Farm |
| 18:55 | Construir | Watch Tower |
| 19:04 | Crear | Villager (Male) |
| 19:50 | Crear | Villager (Male) |
| 20:06 | Crear | Villager (Male) |
| 20:29 | Crear | Villager (Male) |
| 20:51 | Crear | Villager (Male) |
| 20:51 | Crear | Villager (Male) |
| 21:25 | Construir | Watch Tower |
| 21:32 | Crear | Villager (Male) |
| 21:32 | Crear | Villager (Male) |
| 21:52 | Crear | Villager (Male) |
| 22:13 | Construir | Mill |
| 22:56 | Construir | Farm |
| 23:13 | Investigar | Double-Bit Axe |
| 23:14 | Investigar | Double-Bit Axe |
| 23:40 | Construir | Mining Camp |
| 23:47 | Crear | Villager (Male) |
| 24:03 | Crear | Villager (Male) |
| 24:03 | Crear | Villager (Male) |
| 24:44 | Construir | Market |
| 24:47 | Construir | Blacksmith |
| 24:57 | Construir | Stone Wall |
| 25:14 | Construir | Farm |
| 25:15 | Construir | Farm |
| 25:33 | Crear | Villager (Male) |
| 25:33 | Crear | Villager (Male) |
| 25:50 | Construir | Mill |
| 26:08 | Crear | Villager (Male) |
| 26:23 | Construir | Farm |
| 26:23 | Construir | Farm |
| 26:23 | Construir | Farm |
| 26:24 | Construir | Farm |
| 26:24 | Construir | Farm |
| 26:24 | Construir | Farm |
| 26:27 | Construir | Farm |
| 26:28 | Construir | Farm |
| 26:29 | Construir | Farm |
| 26:42 | Construir | Farm |
| 27:05 | Construir | Farm |
| 27:13 | Construir | Farm |
| 27:46 | Construir | Farm |
| 27:46 | Construir | Farm |
| 27:54 | Investigar | Castle Age |
| 27:54 | Investigar | Castle Age |
| 29:43 | Crear | Villager (Male) |
| 29:44 | Crear | Villager (Male) |
| 30:03 | Crear | Villager (Male) |
| 30:03 | Crear | Villager (Male) |
| 30:34 | Edad | Edad de los Castillos |
Build order — HESTIA
130 acciones detectadas en el replay
| 0:00 | Crear | Villager (Male) |
| 0:01 | Crear | Villager (Male) |
| 0:01 | Crear | Villager (Male) |
| 0:02 | Construir | House |
| 0:05 | Construir | House |
| 0:37 | Crear | Villager (Male) |
| 1:29 | Crear | Villager (Male) |
| 1:53 | Crear | Villager (Male) |
| 2:31 | Crear | Villager (Male) |
| 2:32 | Crear | Villager (Male) |
| 3:21 | Crear | Villager (Male) |
| 3:21 | Crear | Villager (Male) |
| 3:29 | Crear | Villager (Male) |
| 3:55 | Construir | House |
| 3:58 | Construir | Lumber Camp |
| 4:01 | Crear | Villager (Male) |
| 4:14 | Crear | Villager (Male) |
| 4:31 | Crear | Villager (Male) |
| 4:54 | Crear | Villager (Male) |
| 5:24 | Crear | Villager (Male) |
| 5:29 | Investigar | Loom |
| 5:44 | Crear | Villager (Male) |
| 5:49 | Crear | Villager (Male) |
| 5:55 | Construir | Mining Camp |
| 6:28 | Investigar | Feudal Age |
| 7:53 | Construir | House |
| 8:02 | Crear | Villager (Male) |
| 8:38 | Edad | Edad Feudal |
| 8:51 | Crear | Villager (Male) |
| 8:53 | Crear | Villager (Male) |
| 9:06 | Construir | Watch Tower |
| 9:34 | Crear | Villager (Male) |
| 10:06 | Crear | Villager (Male) |
| 10:42 | Crear | Villager (Male) |
| 11:39 | Construir | Watch Tower |
| 12:03 | Crear | Villager (Male) |
| 12:06 | Crear | Villager (Male) |
| 12:20 | Crear | Villager (Male) |
| 12:36 | Crear | Villager (Male) |
| 12:46 | Construir | Mill |
| 12:56 | Crear | Villager (Male) |
| 13:20 | Construir | House |
| 13:26 | Crear | Villager (Male) |
| 13:51 | Crear | Villager (Male) |
| 14:02 | Construir | Blacksmith |
| 14:07 | Construir | House |
| 14:08 | Crear | Villager (Male) |
| 14:19 | Construir | Watch Tower |
| 14:21 | Construir | Palisade Wall |
| 14:29 | Construir | Palisade Wall |
| 14:31 | Construir | Palisade Wall |
| 14:34 | Construir | Palisade Wall |
| 14:36 | Construir | Palisade Wall |
| 14:41 | Crear | Villager (Male) |
| 14:54 | Crear | Villager (Male) |
| 15:03 | Construir | House |
| 15:17 | Crear | Villager (Male) |
| 15:37 | Construir | Market |
| 16:07 | Crear | Villager (Male) |
| 16:13 | Construir | Farm |
| 16:45 | Crear | Villager (Male) |
| 17:24 | Crear | Villager (Male) |
| 17:28 | Construir | Farm |
| 17:28 | Construir | Farm |
| 17:34 | Construir | House |
| 17:38 | Crear | Villager (Male) |
| 18:04 | Crear | Villager (Male) |
| 18:08 | Construir | House |
| 18:34 | Crear | Villager (Male) |
| 18:45 | Crear | Villager (Male) |
| 19:09 | Construir | Watch Tower |
| 19:10 | Crear | Villager (Male) |
| 19:17 | Construir | Palisade Wall |
| 19:26 | Construir | Palisade Wall |
| 19:32 | Construir | Palisade Wall |
| 19:41 | Construir | Palisade Wall |
| 19:48 | Crear | Villager (Male) |
| 19:52 | Construir | Farm |
| 19:52 | Construir | Farm |
| 20:09 | Construir | Farm |
| 20:10 | Construir | Farm |
| 20:11 | Construir | Farm |
| 20:14 | Construir | Farm |
| 20:16 | Construir | Farm |
| 20:19 | Construir | Farm |
| 20:25 | Crear | Villager (Male) |
| 20:28 | Construir | Farm |
| 20:54 | Crear | Villager (Male) |
| 20:58 | Construir | Farm |
| 21:38 | Investigar | Castle Age |
| 22:13 | Construir | Mining Camp |
| 22:19 | Construir | Farm |
| 22:19 | Construir | Farm |
| 22:20 | Construir | Farm |
| 22:30 | Investigar | Double-Bit Axe |
| 22:32 | Investigar | Horse Collar |
| 23:11 | Investigar | Gold Mining |
| 24:05 | Construir | Lumber Camp |
| 24:12 | Investigar | Wheelbarrow |
| 24:18 | Edad | Edad de los Castillos |
| 24:42 | Construir | Castle |
| 24:51 | Crear | Villager (Male) |
| 24:52 | Crear | Villager (Male) |
| 26:18 | Crear | Villager (Male) |
| 26:58 | Investigar | Imperial Age |
| 27:17 | Crear | Petard |
| 27:18 | Crear | Petard |
| 27:18 | Crear | Petard |
| 27:25 | Construir | Farm |
| 27:48 | Construir | Town Center |
| 28:29 | Crear | Petard |
| 28:53 | Crear | Petard |
| 29:07 | Crear | Petard |
| 29:12 | Crear | Petard |
| 29:24 | Investigar | Hand Cart |
| 29:33 | Crear | Petard |
| 30:02 | Construir | Farm |
| 30:02 | Construir | Farm |
| 30:07 | Construir | Farm |
| 30:08 | Edad | Edad Imperial |
| 30:11 | Crear | Villager (Male) |
| 30:19 | Crear | Villager (Male) |
| 30:20 | Crear | Villager (Male) |
| 30:55 | Construir | Farm |
| 30:58 | Construir | Farm |
| 30:59 | Construir | Farm |
| 30:59 | Construir | Farm |
| 31:00 | Construir | Farm |
| 31:05 | Crear | Trebuchet (Packed) |
| 31:15 | Construir | University |
Cronología de la partida
| 8:38 | HESTIA · age_up feudal |
| 10:57 | 74_phihung · age_up feudal |
| 13:19 | 74_phihung · wall_segment Palisade Wall x1 |
| 13:20 | 74_phihung · wall_segment Palisade Wall x1 |
| 13:21 | 74_phihung · wall_segment Palisade Wall x1 |
| 13:22 | 74_phihung · wall_segment Palisade Wall x1 |
| 13:23 | 74_phihung · wall_segment Palisade Wall x5 |
| 14:21 | HESTIA · wall_segment Palisade Wall x1 |
| 14:29 | HESTIA · wall_segment Palisade Wall x1 |
| 14:31 | HESTIA · wall_segment Palisade Wall x1 |
| 14:34 | HESTIA · wall_segment Palisade Wall x1 |
| 14:36 | HESTIA · wall_segment Palisade Wall x1 |
| 16:23 | 74_phihung · wall_segment Stone Wall x1 |
| 19:17 | HESTIA · wall_segment Palisade Wall x1 |
| 19:26 | HESTIA · wall_segment Palisade Wall x1 |
| 19:32 | HESTIA · wall_segment Palisade Wall x1 |
| 19:41 | HESTIA · wall_segment Palisade Wall x1 |
| 21:04 | HESTIA · first_market_sell 100 wood |
| 21:06 | HESTIA · first_market_buy 100 food |
| 24:18 | HESTIA · age_up castle |
| 24:42 | HESTIA · first_building Castle |
| 24:57 | 74_phihung · wall_segment Stone Wall x2 |
| 27:23 | 74_phihung · first_market_buy 100 food |
| 30:08 | HESTIA · age_up imperial |
| 30:34 | 74_phihung · age_up castle |
| 31:17 | 74_phihung · resign |
[ ANÁLISIS IA · 1 CRÉDITO ]
¿Qué pasó realmente en esta partida?
Wolo.gg analiza cada decisión: build order, eco, micro, errores típicos por bracket. Análisis personalizado por WhatsApp o Discord en 30 segundos.
Guía civ
Borgoñones
Perfil
Jugador #24094556